 Dungeon Crawl Stone Soup version 0.29-a0-338-g1ff7896281 (webtiles) character file.

Game seed: 3719727644273015937

86 pokeman the Magician (level 4, 0/25 HPs)
             Began as a Deep Elf Hedge Wizard on Apr 19, 2022.
             Slain by a centaur (3 damage)
             ... on level 3 of the Dungeon.
             The game lasted 00:03:53 (2387 turns).

pokeman the Magician (Deep Elf Hedge Wizard)        Turns: 2387, Time: 00:03:54

Health: 0/25       AC:  3    Str:  7    XL:     4   Next: 26%
Magic:  7/13       EV: 12    Int: 21    God:
Gold:   100        SH:  5    Dex: 14    Spells: 3/14 levels left

rFire   . . .      SeeInvis .   e - +1 dagger (venom)
rCold   . . .      Faith    .   (no shield)
rNeg    . . .      Spirit   .   s - +0 leather armour
rPois   .          Reflect  +   c - +0 hat
rElec   .          Harm     .   (no cloak)
rCorr   .          Rampage  .   (no gloves)
Will    .....                   (no boots)
Stlth   ++........              j - amulet of reflection
HPRegen 0.08/turn               (no ring)
MPRegen 0.13/turn               (no ring)

@: very slightly contaminated
A: no striking features
a: no special abilities


You were on level 3 of the Dungeon.
You visited 1 branch of the dungeon, and saw 3 of its levels.

You collected 100 gold pieces.

Inventory:

Hand Weapons
 e - a +1 dagger of venom (weapon)
Armour
 c - a +0 hat (worn)
 s - a +0 leather armour (worn)
Magical Staves
 a - a staff of death
 k - a staff of poison
Jewellery
 j - an amulet of reflection (around neck)
Scrolls
 b - a scroll of enchant weapon {unknown}
 g - 4 scrolls of blinking {unknown}
 i - 3 scrolls of identify {unknown}
 o - a scroll of summoning {unknown}
 p - 3 scrolls of teleportation {unknown}
 q - 2 scrolls of holy word {unknown}
 r - a scroll of noise {unknown}
 v - a scroll of acquirement {unknown}
Potions
 d - 2 potions of magic
 f - a potion of heal wounds {unknown}
 h - a potion of ambrosia {unknown}
 l - a potion of attraction {unknown}
 m - a potion of resistance {unknown}
 n - a potion of degeneration {unknown}
 t - a potion of curing {unknown}
 u - a potion of lignification {unknown}


   Skills:
 - Level 1.0 Fighting
 - Level 1.0 Armour
 + Level 2.6 Dodging
 - Level 2.4 Stealth
 * Level 5.6 Spellcasting
 + Level 2.2 Conjurations
 - Level 1.1 Summonings
 + Level 0.4 Necromancy
 - Level 1.1 Translocations


You had 3 spell levels left.
You knew the following spells:

 Your Spells              Type           Power      Damage    Failure   Level
a - Magic Dart            Conj           60%        1d6       6%          1
b - Mephitic Cloud        Conj/Pois/Air  9%         N/A       32%         3
c - Call Imp              Summ           10%        N/A       14%         2
d - Blink                 Tloc           20%        N/A       14%         2
e - Conjure Flame         Conj/Fire      10%        6-21      28%         3

Your spell library contained the following spells:

 Spells                   Type           Power      Damage    Failure   Level
 Slow                     Hex            20%        N/A       16%         1
 Portal Projectile        Hex/Tloc       16%        N/A       34%         3
 Excruciating Wounds      Necr           3%         N/A       98%         5
 Blade Hands              Tmut           2%         N/A       99%         5


Dungeon Overview and Level Annotations

Branches:
Dungeon (3/15)

Altars:
The Shining One


Message History

The arrow hits you.
The centaur shoots an arrow.
The arrow hits you!
You start resting.
A centaur is nearby!
Casting: Magic Dart (safe; 6% risk of failure)
Confirm with . or Enter, or press ? or * to list all spells.
The spell is extremely dangerous to miscast (32% risk of failure)!
Continue anyway?
Aiming: Mephitic Cloud (extremely dangerous; 32% risk of failure)
Press: ? - help, Shift-Dir - straight line, f - centaur
Aim: a centaur, wielding a +0 shortbow (chance to affect: 81%)
You miscast Mephitic Cloud.
You are very lightly contaminated with residual magic.
Nothing appears to happen.
The centaur shoots an arrow.
The arrow hits you!
* * * LOW HITPOINT WARNING * * *
Casting: Mephitic Cloud (extremely dangerous; 32% risk of failure)
Confirm with . or Enter, or press ? or * to list all spells.
The spell is extremely dangerous to miscast (32% risk of failure)!
Continue anyway?
Aiming: Mephitic Cloud (extremely dangerous; 32% risk of failure)
Press: ? - help, Shift-Dir - straight line, f - centaur
Aim: a centaur, wielding a +0 shortbow (chance to affect: 81%) That beam is likely to hit you.
Continue anyway?
The ball explodes into a vile cloud!
The stinking cloud engulfs the centaur but does no damage.
The stinking cloud engulfs you but does no damage.
You hear a shout! x2
The centaur is engulfed in noxious fumes.
The centaur appears confused.
Unknown command.
You hit the centaur but do no damage.
The centaur is engulfed in noxious fumes.
The centaur appears confused.
The centaur unwields a +0 shortbow.
The centaur closely misses you. x2
The centaur hits itself but does no damage.
The centaur kicks itself but does no damage.
You catch the helpless centaur completely off-guard!
You puncture the centaur!
The centaur is heavily wounded.
The centaur is engulfed in noxious fumes.
The centaur appears confused.
The centaur hits you.
You die...

.# ##.### #.[..#
###.)..# .#....#
.....# . #....#
... #@°..#
.#...####○c..###
....c...☼.○....#
##..##########...#
... #.


You could see a centaur (confused).

Vanquished Creatures
  3 gnolls (D:2)
  2 dart slugs
  9 ball pythons
  4 bats
  5 endoplasms
  A giant cockroach (D:1)
  2 goblins
  6 hobgoblins
  A quokka (D:1)
  3 frilled lizards
  6 kobolds
  5 rats
47 creatures vanquished.

Notes
Turn   | Place    | Note
-------+----------+-------------------------------------------
     0 | D:1      | pokeman the Deep Elf Hedge Wizard began the quest for the
                  | Orb.
     0 | D:1      | Reached XP level 1. HP: 10/10 MP: 7/7
   303 | D:1      | Found a faded altar of an unknown god.
   311 | D:1      | Reached XP level 2. HP: 14/16 MP: 9/9
   685 | D:1      | Reached skill level 5 in Spellcasting
   924 | D:1      | Reached XP level 3. HP: 20/20 MP: 4/11
   929 | D:1      | Learned a level 3 spell: Mephitic Cloud
   932 | D:1      | Learned a level 2 spell: Call Imp
   935 | D:1      | Learned a level 2 spell: Blink
   939 | D:1      | Learned a level 3 spell: Conjure Flame
  1419 | D:2      | Found a glowing golden altar of the Shining One.
  1432 | D:2      | Reached skill level 1 in Fighting
  1432 | D:2      | Reached skill level 1 in Armour
  1470 | D:2      | Reached XP level 4. HP: 11/25 MP: 1/13
  2378 | D:3      | Noticed a centaur
  2387 | D:3      | Slain by a centaur

Illustrated notes

Levels and vault maps discovered:
D:1:      roderic_octagonal_star, layout_rooms,
          shapermc_ecumenical_altar_mp_highgroup
D:2:      layout_loops_cross, basic_altar, corexii_shack, minmay_heptomino_o4
D:3:      layout_rooms, mainiacjoe_overflow_24_doors, hex_large,
          kennysheep_potato, uniq_jessica

Skill      XL: |  1  2  3 |
---------------+----------+-----
Spellcasting   | 5 |  5.6
Conjurations   | 2 |  2.2
Fighting       | 1 |  1.0
Armour         | 1 |  1.0
Dodging        | |  2.6
Stealth        | |  2.4
Summonings     | |  1.1
Necromancy     | |  0.4
Translocations | |  1.1

Action                   |  1- 3 |  4- 6 || total
-------------------------+-------+-------++-------
Melee: Dagger            |    19 |     2 ||    21
       Punch             |     1 |       ||     1
 Cast: Magic Dart        |    71 |    26 ||    97
       Mephitic Cloud    |     2 |     1 ||     3
       Conjure Flame     |     1 |       ||     1
 Stab: Confused          |       |     1 ||     1
Armor: Robe              |     1 |       ||     1
Dodge: Dodged            |    15 |     2 ||    17
Block: Other             |     1 |     1 ||     2
       Reflection        |       |     1 ||     1

Table legend: (Time is in decaauts)
 A = Elapsed time spent in this place.
 B = Non-inter-level travel time spent in this place.
 C = Inter-level travel time spent in this place.
 D = Time resting spent in this place.
 E = Time spent auto-exploring this place.
 F = Levels seen in this place.
 G = Mean time per level.
                   A        B        C        D        E       F      G
               +--------+--------+--------+--------+--------+-----+--------+
         Total |   2386 |   2315 |     71 |      3 |   1969 |   3 |  795.3 |
       Dungeon |   2386 |   2315 |     71 |      3 |   1969 |   3 |  795.3 |
               +--------+--------+--------+--------+--------+-----+--------+

Top non-repeatable levels by time:
     D:2: 1237 daAuts
     D:1: 1136 daAuts
     D:3: 11 daAuts
